 Dungeon Crawl Stone Soup version 0.17-a0-530-gbe3d13a (webtiles) character file.

189 Fluffy the Slasher (level 5, -1/42 HPs)
             Began as a Demonspawn Gladiator on Apr 12, 2015.
             Slain by a gnoll
             ... wielding a +0 flail
              (11 damage)
             ... on level 3 of the Dungeon.
             The game lasted 00:05:55 (2088 turns).

Fluffy the Slasher (Demonspawn Gladiator)           Turns: 2088, Time: 00:05:55

Health: -1/42      AC:  4    Str: 15    XL:     5   Next: 40%
Magic:  5/5        EV: 14    Int: 10    God:
Gold:   105        SH:  0    Dex: 14    Spells: 0 memorised, 4 levels left

rFire  . . .     SeeInvis .     a - +0 long sword
rCold  . . .     Clarity  .     b - +0 leather armour
rNeg   . . .     SustAb   .     (no shield)
rPois  .         Gourm    .     c - +0 helmet
rElec  .         Spirit   .     (no cloak)
rCorr  .         Warding  .     (no gloves)
rMut   .         Stasis   .     (no boots)
MR     .....                    r - amulet of regeneration
Stlth  +.........               (no ring)
                                (no ring)

@: not resistant to hostile enchantments, very unstealthy
A: repulsion field 1
a: no special abilities


You were on level 3 of the Dungeon.
You were not hungry.

You visited 1 branch of the dungeon, and saw 3 of its levels.

You collected 105 gold pieces.

Inventory:

Hand weapons
 a - a +0 long sword (weapon)
Missiles
 d - 4 throwing nets (quivered)
Armour
 b - a +0 leather armour (worn)
 c - a +0 helmet (worn)
Jewellery
 r - an amulet of regeneration (around neck)
Scrolls
 e - a scroll of magic mapping {unknown}
 l - 3 scrolls of remove curse {unknown}
 m - a scroll of recharging {unknown}
 n - 2 scrolls of teleportation {unknown}
 p - 3 scrolls of fog {unknown}
 y - a scroll of amnesia {unknown}
 z - a scroll of enchant weapon {unknown}
Potions
 g - 2 potions of heal wounds
 i - a potion of agility
 j - a potion of ambrosia
 k - a potion of magic
 o - a potion of curing {unknown}
 q - 2 potions of poison {unknown}
 u - a potion of invisibility {unknown}
 x - a potion of mutation {unknown}
Books
 w - a book of Power

   Spells                             Type                      Level
   a - Fulminant Prism                Conjuration/Hexes            4
   b - Iskenderun's Mystic Blast      Conjuration                  4
   c - Venom Bolt                     Conjuration/Poison           5
   d - Bolt of Magma                  Conjuration/Fire/Earth       5
   e - Iron Shot                      Conjuration/Earth            6
   f - Orb of Destruction             Conjuration                  7
   g - Spellforged Servitor           Conjuration/Summoning        7
Comestibles
 f - 3 bread rations
 s - a beef jerky
 t - a meat ration
 v - a slice of pizza


   Skills:
 + Level 4.2 Fighting
 + Level 4.4 Long Blades
 - Level 1.7 Throwing
 - Level 2.6 Dodging


You had 4 spell levels left.
You didn't know any spells.

Dungeon Overview and Level Annotations

Branches:
Dungeon (3/15)

Altars:


Innate Abilities, Weirdness & Mutations

You are surrounded by a mild repulsion field (EV +2).


Message History

You closely miss the gnoll. The gnoll hits you with a flail!
* * * LOW HITPOINT WARNING * * *
You hit the gnoll.
The gnoll is moderately wounded.
The gnoll closely misses you.
Welcome back, Fluffy the Demonspawn Gladiator.
Press ? for a list of commands and other information.
You closely miss the gnoll.
The gnoll is moderately wounded.
The gnoll hits you with a flail!
You hit the gnoll.
The gnoll is heavily wounded.
The gnoll hits you from afar with an enchanted halberd!
The gnoll barely misses you.
You barely miss the gnoll.
The gnoll is heavily wounded.
The gnoll hits you from afar with an enchanted halberd.
* * * LOW HITPOINT WARNING * * *
The gnoll hits you with a flail!
You die...

#.####.......+........
#.# ##."..###........
#.# ####.#.# ##.......
#.# #......# ##.....#
#.# #.##.### ##...##
#.###.##.# ##+##
#........# #.#
#####.#### #.# #@#
##.##
#g###########...##
#.g.g.....##.....#
#########.###....#
#......... ######...#
#.### #.# #.###


You could see 2 gnolls.

Vanquished Creatures
  A phantom (D:3)
  2 adders
  2 gnolls (D:3)
  A worm (D:3)
  6 giant geckos
  An ooze (D:1)
  A ball python (D:2)
  8 bats
  4 giant cockroaches
  6 hobgoblins
  7 kobolds
  A quokka (D:3)
  A giant newt (D:3)
  7 goblins
  6 rats
54 creatures vanquished.

Notes
Turn   | Place    | Note
--------------------------------------------------------------
     0 | D:1      | Fluffy, the Demonspawn Gladiator, began the quest for the Orb.
     0 | D:1      | Reached XP level 1. HP: 16/16 MP: 1/1
   194 | D:1      | Gained mutation: You are surrounded by a mild repulsion field (EV +2). [demonic ancestry]
   194 | D:1      | Reached XP level 2. HP: 16/23 MP: 2/2
   200 | D:1      | Reached skill level 3 in Long Blades
   436 | D:1      | Reached XP level 3. HP: 26/28 MP: 3/3
  1648 | D:3      | Reached XP level 4. HP: 35/35 MP: 4/4
  1953 | D:3      | Noticed a phantom
  2015 | D:3      | Killed a phantom
  2015 | D:3      | Reached skill level 4 in Fighting
  2015 | D:3      | Reached XP level 5. HP: 14/42 MP: 5/5
  2088 | D:3      | Slain by a gnoll

Action                   |  1- 3 |  4- 6 || total
-------------------------+-------+-------++-------
Melee: Long sword        |   156 |    69 ||   225
  Use: Scroll            |       |     4 ||     4
  Eat: Chunk             |     1 |     4 ||     5
